 Dungeon Crawl Stone Soup version 0.27-a0-1116-g91b3acb402 (webtiles) character file.

Game seed: 6931984312372667423

28 mg7810 the Skirmisher (level 2, 0/26 HPs)
             Began as a Draconian Monk on May 1, 2021.
             Succumbed to an adder's poison
             ... on level 2 of the Dungeon.
             The game lasted 00:03:49 (1359 turns).

mg7810 the Skirmisher (Draconian Monk)              Turns: 1359, Time: 00:03:50

Health: 0/26       AC:  5    Str: 13    XL:     2   Next: 96%
Magic:  2/2        EV: 12    Int: 10    God:
Gold:   32         SH:  0    Dex: 13    Spells: 1/1 levels left

rFire    . . .     SeeInvis .   b - +0 hand axe
rCold    . . .     Faith    .   (no shield)
rNeg     . . .     Spirit   .   (armour unavailable)
rPois    .         Reflect  .   (helmet restricted)
rElec    .         Harm     .   (no cloak)
rCorr    .         Rampage  .   d - +0 pair of gloves
Will     .....                  (no boots)
Stlth    ++........             (no amulet)
HPRegen  0.08/turn              (no ring)
MPRegen  0.08/turn              (no ring)

@: mighty, lethally poisoned (0 -> -3), flying
A: AC +4, unfitting armour, cold-blooded
a: no special abilities


You were on level 2 of the Dungeon.
You visited 1 branch of the dungeon, and saw 2 of its levels.

You collected 32 gold pieces.

Inventory:

Hand Weapons
 b - a +0 hand axe (weapon)
Missiles
 g - 5 boomerangs (quivered)
Armour
 d - a +0 pair of gloves (worn)
Scrolls
 f - a scroll of enchant armour {unknown}
 h - a scroll of identify


   Skills:
 + Level 3.5 Fighting
 + Level 1.1 Axes
 * Level 0.2 Throwing
 + Level 2.9 Dodging
 + Level 2.0 Stealth
 + Level 3.3 Unarmed Combat


You had one spell level left.
You didn't know any spells.
Your spell library was empty.

Dungeon Overview and Level Annotations

Branches:
Dungeon (2/15)

Altars:


Innate Abilities, Weirdness & Mutations

Your plain brown scales are hard. (AC +4)
You cannot fit into any form of body armour.
You are cold-blooded and may be slowed by cold attacks.


Message History

The adder poisons you!
You feel very sick. The adder misses you.
You bump into the rock wall.
You feel sick. The adder bites you but does no damage.
You feel sick.
Found a stone staircase leading down.
You feel less invigorated.
You feel less confused.
You feel sick. The adder closely misses you.
The adder bites you but does no damage.
You barely miss the adder.
The adder is moderately wounded.
You miss something.
You feel sick.
You hear some strange, mumbled words.
A magic dart appears from out of thin air!
The magic dart hits you! The adder bites you but does no damage.
You hear some strange, mumbled words.
You are confused.
It was a potion of might.
You feel very mighty all of a sudden.
You feel sick. The adder bites you.
You are more poisoned.
The adder poisons you! Something hits you.
You bump into the rock wall.
You feel sick. The adder misses you. The adder closely misses you.
Something hits you.
* * * LOW HITPOINT WARNING * * *
It was a potion of flight.
You feel very buoyant.
You fly up into the air.
* * * LOW HITPOINT WARNING * * *
You feel sick. The adder bites you but does no damage. Something hits you.
* * * LOW HITPOINT WARNING * * *
Unknown command.
* * * LOW HITPOINT WARNING * * *
You feel sick. The adder bites you.
* * * LOW HITPOINT WARNING * * *
You bump into the rock wall.
You feel less confused.
You die...

####. ... ..
#.....l.. ..
..(..#.... ..
......... >#
#.#...# # .###
#........ ...
#..#..#####.#
#<.l...l.S@.#
####...##{#.#.###
#.....#.##........
#.###
#).###.#.####
#...# .......
#...##.....#
#...#........#
#####.#..#####
#.#..#


You could see an adder and 2 frilled lizards.

Vanquished Creatures
  2 orcs
  A giant cockroach (D:2)
  3 goblins (D:1)
  5 hobgoblins
  4 jackals (D:1)
  3 ball pythons
  A bat (D:1)
  A frilled lizard (D:2)
  A kobold (D:1)
  A rat (D:1)
22 creatures vanquished.

Notes
Turn   | Place    | Note
-------+----------+-------------------------------------------
     0 | D:1      | mg7810 the Draconian Monk began the quest for the Orb.
     0 | D:1      | Reached XP level 1. HP: 19/19 MP: 1/1
   610 | D:1      | Reached XP level 2. HP: 26/26 MP: 2/2
  1311 | D:2      | Reached skill level 1 in Axes
  1358 | D:2      | HP: 1/26 [adder (1)]
  1359 | D:2      | Succumbed to an adder's poison

Illustrated notes

Levels and vault maps discovered:
D:1:      dpeg_arrival_concentric_ovals, layout_loops_corners
D:2:      layout_basic

Skill      XL: |  1  2 |
---------------+-------+-----
Stealth        | 2 |  2.0
Axes           | 1 |  1.1
Fighting       | |  3.5
Throwing       | |  0.2
Dodging        | |  2.9
Unarmed Combat | |  3.3

Action                   || total
-------------------------++-------
Melee: Hand axe          ||    66
       Tailslap          ||     7
Throw: Boomerang         ||    12
  Use: Potion            ||     3
       Scroll            ||     1
 Stab: Sleeping          ||     4
Armor: Skin              ||    27
Dodge: Dodged            ||    48

Table legend: (Time is in decaauts)
 A = Elapsed time spent in this place.
 B = Non-inter-level travel time spent in this place.
 C = Inter-level travel time spent in this place.
 D = Time resting spent in this place.
 E = Time spent auto-exploring this place.
 F = Levels seen in this place.
 G = Mean time per level.
                   A        B        C        D        E       F      G
               +--------+--------+--------+--------+--------+-----+--------+
         Total |   1380 |   1336 |     44 |      0 |   1057 |   2 |  690.0 |
       Dungeon |   1380 |   1336 |     44 |      0 |   1057 |   2 |  690.0 |
               +--------+--------+--------+--------+--------+-----+--------+

Top non-repeatable levels by time:
     D:1: 1292 daAuts
     D:2: 87 daAuts
